 Dungeon Sprint DCSS version 0.30-a0-528-g8c47a4955b (webtiles) character file.

Game seed: 2055013910456322219

3 rocky1 the Slasher (level 1, -4/16 HPs)
             Began as a Demonspawn Gladiator on Dec 24, 2022.
             Slain by a human (6 damage)
             ... in the Dungeon (Sprint III: "The Ten Rune Challenge").
             The game lasted 00:00:26 (70 turns).

rocky1 the Slasher (Demonspawn Gladiator)             Turns: 70, Time: 00:00:27

Health: -4/16      AC:  6    Str: 14    XL:     1   Next: 41%
Magic:  1/1        EV: 11    Int:  9    God:
Gold:   0          SH:  0    Dex: 14    Spells: 0/0 levels left

rFire   . . .      SeeInvis .    a - +0 long sword
rCold   . . .      Faith    .    (no shield)
rNeg    . . .      Spirit   .    l - +0 ring mail
rPois   .          Reflect  .    c - +0 helmet
rElec   .          Harm     .    (no cloak)
rCorr   .          Rampage  .    (no gloves)
Will    .....      NoTele   +    (no boots)
Stlth   +                        (no amulet)
HPRegen 0.22/turn                (no ring)
MPRegen 0.07/turn                (no ring)

@: no status effects
A: no striking features
a: no special abilities


You were in the Dungeon.
You visited 1 branch

Inventory:

Hand Weapons
 a - a +0 long sword (weapon)
Missiles
 e - a javelin (quivered)
Armour
 b - a +0 leather armour
 c - a +0 helmet (worn)
 l - a +0 ring mail (worn)
Scrolls
 k - a scroll of blinking
Potions
 f - a potion of curing
 g - a potion of heal wounds
 h - a potion of haste
 i - 2 potions of magic
 j - a potion of berserk rage


   Skills:
 - Level 2.0 Fighting
 + Level 3.9 Long Blades
 - Level 1.7 Throwing
 - Level 2.6 Dodging


You couldn't memorise any spells.
You didn't know any spells.
Your spell library contained the following spells:

 Spells                   Type           Power      Damage    Failure   Level
 Gell's Gravitas          Tloc           0%         N/A       94%         3
 Lesser Beckoning         Tloc           0%         N/A       94%         3
 Teleport Other           Tloc           0%         N/A       94%         3


Dungeon Overview and Level Annotations

Branches:
Dungeon (1/1)

Altars:


Message History

The human is moderately wounded.
The human struggles against the net. x2
You slash the human!
The human is severely wounded.
The human struggles against the net.
You catch the helpless human completely off-guard!
You slash the human!
The human is almost dead.
The human struggles against the net.
The net rips apart, and the human comes free!
You closely miss the human.
The human is almost dead.
The human hits you!
Ouch! That really hurt!
You hit the human.
The human is almost dead.
The human hits you.
* * * LOW HITPOINT WARNING * * *
You hit the human.
The human is almost dead.
The human closely misses you. The human hits you but does no damage.
Throw: throwing net
Press: ? - help, Q - select action, (/) - cycle Shift-Dir - straight line, f/p - human
Aim: a human (almost dead, 48% to hit)
You throw a throwing net.
The throwing net barely misses the human.
You closely miss the human.
The human is almost dead.
The human hits you but does no damage. The human hits you.
* * * LOW HITPOINT WARNING * * *
You hit the human.
The human is almost dead.
The human barely misses you.
You barely miss the human.
The human is almost dead.
The human closely misses you.
You closely miss the human.
The human is almost dead.
The human hits you.
You die...

▓.....#
▓.....#...~~♣.♣♣♣
▓.....#..~~~~.♣..
▓####'#..~≈≈~~~.♣
▓....†#.~~≈~~~...
▓.....#.~≈~~~....
▓.....#.~~~......
▓'#####..........
▓...@p.....(.....
▓▓▓▓▓▓▓▓▓▓▓▓▓▓▓▓▓


You could see a human.

Vanquished Creatures
  An endoplasm (D)
  3 rats (D)
4 creatures vanquished.

Notes
Turn   | Place    | Note
-------+----------+-------------------------------------------
     0 | D        | rocky1 the Demonspawn Gladiator began the quest for the
                  | Orb.
     0 | D        | Reached XP level 1. HP: 16/16 MP: 1/1
     5 | D        | Reached skill level 3 in Long Blades
    70 | D        | Slain by a human

Illustrated notes

Levels and vault maps discovered:
D:        dungeon_sprint_mu [sprint_mu_entry_forest, sprint_mu_temple_rooms,
          sprint_mu_d1_horrors, sprint_mu_d2_genie, sprint_mu_d3_branching,
          sprint_mu_orc_legion, sprint_mu_elf_gauntlet, sprint_mu_hive_nellie,
          sprint_mu_lair_fedhas, sprint_mu_vaults_butterflies,
          sprint_mu_slime_circle, sprint_mu_swamp_cave, sprint_mu_snake_twists,
          sprint_mu_blade_basic, sprint_mu_crypt_lich, sprint_mu_tomb_spiral,
          sprint_mu_vestibule_basic, sprint_mu_gehenna_hellfire,
          sprint_mu_dis_giant, sprint_mu_tartarus_statrot,
          sprint_mu_cocytus_islands, sprint_mu_zot1]

Skill      XL: |  1 |
---------------+----+-----
Long Blades    | 3 |  3.9
Fighting       | |  2.0
Throwing       | |  1.7
Dodging        | |  2.6

Action                   || total
-------------------------++-------
Melee: Long sword        ||    20
Throw: Throwing net      ||     3
 Stab: Held in net/web   ||     1
       Sleeping          ||     1
Armor: Ring mail         ||     6
       Leather armour    ||     1
Dodge: Dodged            ||     7

Table legend: (Time is in decaauts)
 A = Elapsed time spent in this place.
 B = Non-inter-level travel time spent in this place.
 C = Inter-level travel time spent in this place.
 D = Time resting spent in this place.
 E = Time spent auto-exploring this place.
 F = Levels seen in this place.
 G = Mean time per level.
                   A        B        C        D        E       F      G
               +--------+--------+--------+--------+--------+-----+--------+
         Total |     73 |     73 |      0 |      0 |      1 |   1 |   73.0 |
       Dungeon |     73 |     73 |      0 |      0 |      1 |   1 |   73.0 |
               +--------+--------+--------+--------+--------+-----+--------+

Top non-repeatable levels by time:
       D: 73 daAuts
